 Dungeon Crawl Stone Soup version 0.31-a0-233-g139696dc86 (webtiles) character file.

Game seed: 16453792975888932270

21 qw the Shooter (level 2, -1/17 HPs)
             Began as a Gargoyle Hexslinger on July 9, 2023.
             Slain by a goblin
             ... wielding a +0 dagger
             ... led by Robin
              (5 damage)
             ... on level 1 of the Dungeon.
             The game lasted 00:00:15 (812 turns).

qw the Shooter (Gargoyle Hexslinger)                 Turns: 812, Time: 00:00:16

Health: -1/17      AC:  7    Str: 11    XL:     2   Next: 87%
Magic:  3/3        EV: 10    Int: 13    God:
Gold:   31         SH:  0    Dex: 12    Spells: 2/3 levels left

rFire   + . .        Y - +1 sling
rCold   + . .        (no shield)
rNeg    + . .        k - +0 ring mail
rPois   inf          (no helmet)
rElec   +            a - scarf {rC+ rF+}
rCorr   .            (no gloves)
SInv    .            (no boots)
Will    .....        (no amulet)
Stlth   +            (no ring)
HPRegen 0.22/turn    (no ring)
MPRegen 0.08/turn

%: no passive effects
@: no status effects
A: sickness immunity, AC +2, negative energy resistance 1, electricity
resistance, torment resistance 1, petrification resistance
a: no special abilities


You were on level 1 of the Dungeon.
You visited 1 branch of the dungeon, and saw 2 of its levels.

You collected 31 gold pieces.


Innate Abilities, Weirdness & Mutations

You are immune to sickness and miasma.
Your stone body is resilient. (AC +2)
You are immune to poison.
You resist negative energy. (rN+)
You are resistant to electric shocks. (rElec)
You are resistant to unholy torment.
You are immune to petrification.


   Skills:
 + Level 1.8 Fighting
 - Level 3.0 Ranged Weapons
 - Level 1.5 Dodging
 - Level 1.0 Spellcasting
 - Level 2.6 Hexes


You had 2 spell levels left.
You knew the following spells:

 Your Spells              Type           Power      Damage    Failure   Level
a - Slow                  Hex            28%        N/A       22%         1

Your spell library contained the following spells:

 Spells                   Type           Power      Damage    Failure   Level
 Inner Flame              Hex/Fire       4%         N/A       75%         3
 Portal Projectile        Hex/Tloc       8%         N/A       75%         3
 Cause Fear               Hex            3%         N/A       92%         4

Inventory:

Hand Weapons
 Y - a +1 sling (weapon)
Armour
 a - a scarf of resistance (worn)
 k - a +0 ring mail (worn)
Jewellery
 h - a ring of fire
Potions
 d - a potion of mutation {unknown}
 g - a potion of cancellation {unknown}
 i - 3 potions of curing
 l - a potion of degeneration {unknown}
 m - a potion of lignification {unknown}

Dungeon Overview and Level Annotations

Branches:
Dungeon (2/15)

Altars:

Annotations:
D:2 Robin


Message History

The hobgoblin barely misses you.
You climb upwards.
There is a stone staircase leading down here.
Enter note:
Enter note: You shoot a sling bullet.
The sling bullet barely misses the hobgoblin.
The sling bullet barely misses the goblin.
The sling bullet hits the goblin.
You kill the goblin!
The hobgoblin misses you. The goblin hits you with a +0 dagger.
You shoot a sling bullet.
The sling bullet barely misses the hobgoblin.
The sling bullet hits the goblin.
You kill the goblin!
The hobgoblin closely misses you. The goblin hits you but does no damage.
You shoot a sling bullet. The sling bullet hits the hobgoblin.
The hobgoblin is lightly wounded.
The hobgoblin barely misses you. The goblin hits you but does no damage.
The hobgoblin hits you. The goblin hits you with a +0 dagger.
You shoot a sling bullet. The sling bullet hits the hobgoblin.
The hobgoblin is heavily wounded.
The hobgoblin barely misses you. The goblin hits you but does no damage.
You shoot a sling bullet.
The sling bullet barely misses the hobgoblin.
The sling bullet hits the hobgoblin.
The hobgoblin is almost dead.
The hobgoblin completely misses you. The goblin hits you but does no damage.
You shoot a sling bullet. The sling bullet hits the hobgoblin.
The hobgoblin is severely wounded.
The hobgoblin hits you. The goblin hits you but does no damage.
The hobgoblin barely misses you. The goblin hits you but does no damage.
You shoot a sling bullet. The sling bullet hits the hobgoblin.
You kill the hobgoblin!
The goblin misses you.
You shoot a sling bullet.
The sling bullet hits the hobgoblin but does no damage.
The hobgoblin is almost dead.
The goblin hits you with a +0 dagger.
You die...

#####.# ### #.###.## ......#
##.## #.....[#
####..#######.#.###.###.##
#...........#.##.# ######
##......##...###.####...#
#..###.........).......#
#..# #####.###)#.###...#
#..# #.##g###.##.#.######
#..# #.#@## ##..###......
#..#
#####.##g###.##.#.###.##
#..###.....###g#..###.## #.#
##.##.........g...###.####.#
#.##..########.#..........#
#.##..# ####.#|##..###..#
#.##..# #....#.##)## #.)#
#.##..# #.####.##.## #..#
#..#..# #.# #.#...###..#


You could see a hobgoblin (strong) and 3 goblins.

Vanquished Creatures
  2 dart slugs (D:1)
  A bat (D:1)
  2 endoplasms (D:1)
  3 goblins (D:1)
  3 hobgoblins (D:1)
  A ball python (D:1)
  2 frilled lizards (D:1)
  A kobold (D:1)
  A rat (D:1)
16 creatures vanquished.

Notes
Turn   | Place    | Note
-------+----------+-------------------------------------------
     0 | D:1      | qw the Gargoyle Hexslinger began the quest for the Orb.
     0 | D:1      | Reached XP level 1. HP: 12/12 MP: 2/2
     0 | D:1      | 0 ||| qw: Version: 0.3-a-51-g015441d
     0 | D:1      | 0 ||| qw: Game counter: 3968
     0 | D:1      | 0 ||| qw: Melee chars always use a shield: true
     0 | D:1      | 0 ||| qw: God list: Okawaru
     0 | D:1      | 0 ||| qw: Allow faded altars: false
     0 | D:1      | 0 ||| qw: Do Orc after clearing Dungeon:15 true
     0 | D:1      | 0 ||| qw: Do second Lair branch before Depths: true
     0 | D:1      | 0 ||| qw: Lair rune preference: random
     0 | D:1      | 0 ||| qw: Goals: Normal
     0 | D:1      | 0 ||| PLANNING D:1-11
    58 | D:1      | 58 ||| FLEEEEING.
    59 | D:1      | 59 ||| FLEEEEING.
    60 | D:1      | 60 ||| FLEEEEING.
   249 | D:1      | Reached XP level 2. HP: 16/16 MP: 3/3
   454 | D:1      | Reached skill level 3 in Ranged Weapons
   705 | D:1      | 705 ||| UPGRADING to +0 ring mail.
   715 | D:1      | 715 ||| DROPPING +0 robe.
   716 | D:1      | 716 ||| READING scroll labelled ZOCEINL HOEDYNG.
   717 | D:1      | 717 ||| READING scroll labelled JUOMYT TIACSEM.
   718 | D:1      | 718 ||| READING scroll labelled YLUSAE DIELLATE.
   719 | D:1      | 719 ||| READING scroll labelled SICUSO MIL ASA.
   719 | D:1      | Identified a scroll of acquirement
   719 | D:1      | 719 ||| ACQUIRING scarf of resistance
   719 | D:1      | Acquired a scarf of resistance
   721 | D:1      | 721 ||| UPGRADING to scarf of resistance.
   726 | D:1      | 726 ||| DRINKING 4 bubbling yellow potions.
   727 | D:1      | 727 ||| DROPPING scroll of poison.
   799 | D:2      | Noticed Robin
   803 | D:2      | 803 ||| STAIRDANCE
   810 | D:1      | HP: 3/17 [hobgoblin[Robin] (5)]
   812 | D:1      | Slain by a goblin

Levels and vault maps discovered:
D:1:      lemuel_arrival_behind_the_door_small, layout_loops_ring
D:2:      layout_loops_ring, dreamdust_ecumenical_altar_drowned_temple,
          chequers_serial_rivers_micro_a, uniq_robin

Skill      XL: |  1  2 |
---------------+-------+-----
Ranged Weapons | 3 |  3.0
Fighting       | |  1.8
Dodging        | |  1.5
Spellcasting   | |  1.0
Hexes          | |  2.6

Action                     || total
---------------------------++-------
   Fire: Sling             ||    37
    Use: Scroll            ||     4
         Potion            ||     1
 Armour: Ring mail         ||    17
         Robe              ||     1
  Dodge: Dodged            ||    21

Table legend:
 A = Non-vault XP
 B = Vault XP
 C = Vault XP percentage of total XP
 D = Non-vault monster count
 E = Vault monster count
 F = Vault count percentage of total count
                 A         B        C        D         E       F
            +---------+---------+-------+---------+---------+-------
      Total |      25 |       6 |  19.4 |      13 |       3 |  18.8
            +---------+---------+-------+---------+---------+-------
        D:1 |      25 |       6 |  19.4 |      13 |       3 |  18.8
            +---------+---------+-------+---------+---------+-------
